 Dungeon Crawl Stone Soup version 0.29.1-1-gd02db6906a (webtiles) character file.

Game seed: 6323883651811061852

77 sankara the Chopper (level 4, -2/40 HPs)
             Began as a Hill Orc Fighter on Oct 14, 2022.
             Slain by Prince Ribbit (10 damage)
             ... on level 5 of the Dungeon.
             The game lasted 00:02:50 (1810 turns).

sankara the Chopper (Hill Orc Fighter)              Turns: 1810, Time: 00:02:51

Health: -2/40      AC:  9    Str: 18    XL:     4   Next: 33%
Magic:  4/4        EV:  6    Int:  8    God:
Gold:   130        SH:  5    Dex: 12    Spells: 3/3 levels left

rFire   . . .      SeeInvis .   a - +0 war axe
rCold   . . .      Faith    .   c - +0 buckler
rNeg    . . .      Spirit   .   n - +0 chain mail
rPois   .          Reflect  .   (no helmet)
rElec   .          Harm     .   (no cloak)
rCorr   .          Rampage  .   (no gloves)
Will    .....                   (no boots)
Stlth   ..........              g - amulet of the acrobat
HPRegen 0.13/turn               (no ring)
MPRegen 0.09/turn               (no ring)

@: no status effects
A: no striking features
a: no special abilities


You were on level 5 of the Dungeon.
You visited 1 branch of the dungeon, and saw 4 of its levels.

You collected 130 gold pieces.

Inventory:

Hand Weapons
 a - a +0 war axe (weapon)
Missiles
 f - 51 stones (quivered)
Armour
 c - a +0 buckler (worn)
 n - a +0 chain mail (worn)
Jewellery
 g - an amulet of the acrobat (around neck)
 t - a ring of fire
 u - an amulet of magic regeneration
Wands
 w - a wand of flame (8)
Scrolls
 b - a scroll of brand weapon {unknown}
 e - 5 scrolls of teleportation {unknown}
 m - a scroll of silence {unknown}
 p - 2 scrolls of fear {unknown}
 q - a scroll of vulnerability {unknown}
 v - a scroll of enchant weapon {unknown}
 x - 2 scrolls of identify {unknown}
Potions
 d - a potion of might
 h - a potion of haste {unknown}
 i - a potion of cancellation {unknown}
 j - 2 potions of mutation {unknown}
 k - a potion of magic {unknown}
 l - 2 potions of heal wounds {unknown}
 o - a potion of flight {unknown}
 r - a potion of degeneration {unknown}
 s - a potion of curing {unknown}
 z - a potion of attraction {unknown}


   Skills:
 + Level 4.2 Fighting
 * Level 4.3 Axes
 + Level 3.8 Armour
 + Level 3.8 Shields


You had 3 spell levels left.
You didn't know any spells.
Your spell library contained the following spells:

 Spells                   Type           Power      Damage    Failure   Level
 Magic Dart               Conj           0%         1d3       100%        1
 Searing Ray              Conj           0%         2d4       100%        2
 Fulminant Prism          Conj/Hex       0%         3d6       100%        4


Dungeon Overview and Level Annotations

Branches:
Dungeon (3/15)

Altars:
Fedhas

Annotations:
D:5 Prince Ribbit


Message History

A sourceless malevolence fills the Dungeon...
You fall into a shaft and drop 2 floors!
The shaft crumbles and collapses.
Found a stone, 13 gold pieces and a fizzy white potion.
Found an escape hatch in the ceiling.
z - a fizzy white potion Unknown command.
Found 9 gold pieces.
You now have 130 gold pieces (gained 13).
Prince Ribbit comes into view.
Prince Ribbit gives a loud, deep croak!
Found a stone staircase leading down.
Found a long sword.
There is an escape hatch in the ceiling here.
You closely miss Prince Ribbit. Prince Ribbit hits you!
Prince Ribbit barely misses you.
You miss Prince Ribbit.
Prince Ribbit lets out a mournful croak.
Prince Ribbit hits you but does no damage.
You closely miss Prince Ribbit. Prince Ribbit hits you.
Prince Ribbit blinks!
You closely miss Prince Ribbit. Prince Ribbit closely misses you.
Prince Ribbit hits you.
You hit Prince Ribbit.
Prince Ribbit is lightly wounded.
Prince Ribbit hits you. Prince Ribbit barely misses you.
You miss Prince Ribbit.
Prince Ribbit is lightly wounded.
Prince Ribbit hits you!
* * * LOW HITPOINT WARNING * * *
Prince Ribbit barely misses you.
You slash Prince Ribbit!
Prince Ribbit is moderately wounded.
Prince Ribbit barely misses you. Prince Ribbit closely misses you.
You closely miss Prince Ribbit.
Prince Ribbit is moderately wounded.
Prince Ribbit hits you but does no damage.
You miss Prince Ribbit.
Prince Ribbit is moderately wounded.
Prince Ribbit barely misses you. Prince Ribbit hits you!
You die...

.# ........##### ..
..##.. ##........#.. ...
#....# #............
...##....# #...........
....#....###.......(#
#..................#
#..................#
...##..F........##.#....
.......@........####..#.
.)>..............# .#
..........#........ .#
..........#..##..... #
.##......$...........
..##................ ...
#.............. ..
.........##..


You could see Prince Ribbit.

Vanquished Creatures
  An adder (D:3)
  2 worms (D:2)
  A dart slug (D:2)
  6 ball pythons
  6 endoplasms
  3 giant cockroaches
  5 goblins
  10 hobgoblins
  6 kobolds
  A quokka (D:1)
  5 bats
  4 frilled lizards
  3 rats (D:1)
53 creatures vanquished.

Vanquished Creatures (others)
  A plant (D:1)
1 creature vanquished.

Grand Total: 54 creatures vanquished

Notes
Turn   | Place    | Note
-------+----------+-------------------------------------------
     0 | D:1      | sankara the Hill Orc Fighter began the quest for the Orb.
     0 | D:1      | Reached XP level 1. HP: 19/19 MP: 1/1
   106 | D:1      | Reached XP level 2. HP: 26/27 MP: 2/2
   250 | D:1      | Found a faded altar of an unknown god.
   570 | D:2      | Reached XP level 3. HP: 33/33 MP: 3/3
  1245 | D:3      | Reached XP level 4. HP: 40/40 MP: 4/4
  1701 | D:3      | Found a blossoming altar of Fedhas.
  1779 | D:3      | You fall into a shaft and drop 2 floors!
  1779 | D:5      | Entered Level 5 of the Dungeon
  1798 | D:5      | Noticed Prince Ribbit
  1810 | D:5      | Slain by Prince Ribbit

Illustrated notes

Levels and vault maps discovered:
D:1:      giann_bridges, layout_basic, ebering_ecumenical_altar_mist,
          minmay_misc_feat_rows
D:2:      layout_rooms, minmay_tetromino_l4
D:3:      layout_loops_cross, fedhas_altar_4, grunt_ministairs_14
D:5:      layout_cave_pools, okawaru_altar_gauntlet_db,
          biasface_ghost_orc_armoury, serial_shops, nicolae_lakefront_shop,
          minmay_hollow_rounded_squares, uniq_prince_ribbit1, uniq_grinder

Skill      XL: |  1  2  3 |
---------------+----------+-----
Axes           | 3 4 |  4.3
Fighting       | 4 |  4.2
Armour         | |  3.8
Shields        | |  3.8

Action                   |  1- 3 |  4- 6 || total
-------------------------+-------+-------++-------
Melee: War axe           |    97 |    37 ||   134
Armor: Scale mail        |    13 |       ||    13
       Chain mail        |    26 |    17 ||    43
Dodge: Dodged            |    64 |    13 ||    77
Block: Buckler           |    28 |     4 ||    32
